[Event "44th Chess Olympiad Women 2022"]
[Site "Chennai"]
[Date "2022.08.05"]
[Round "7.44"]
[White "Galera Serra, Maria"]
[Black "Diaz Cesar, Wilsaida Pieranlly"]
[Result "0-1"]
[WhiteElo "1464"]
[BlackElo "1834"]
[Annotator "NA RC"]
[PlyCount "124"]
[EventDate "2022.??.??"]
[TimeControl "60"]

1. e4 c5 2. Nf3 e6 3. c3 d5 4. Bb5+ Bd7 5. Bxd7+ Qxd7 6. exd5 Qxd5 7. O-O Nf6 8. d4 Nbd7 9. Be3 Be7 10. Nbd2 cxd4 11. Nxd4 O-O 12. Qb3 Nc5 13. Qxd5 Nxd5 14. Nc4 Nxe3 15. Nxe3 Bf6 16. Rad1 Rfd8 17. Rfe1 Rac8 18. Nf3 Na4 19. Re2 Rxd1+ 20. Nxd1 Rd8 21. Rd2 Rxd2 22. Nxd2 Kf8 23. Kf1 Ke7 24. Ne4 Be5 25. Ke2 f5 26. Nd2 g5 27. g3 g4 28. Nc4 Bc7 29. b3 Nc5 30. f3 h5 31. Nf2 a6 32. fxg4 hxg4 33.
Nd3 Ne4 34. Nc1 Nxc3+ 35. Kd3 Ne4 36. Ne3 Ng5 37. Ne2 Nf3 38.
Nf1 Kf6 39. Nf4 Bxf4 40. gxf4 e5 41. Ke3 e4 42. Kf2 b6 43.
Kg3 Nd4 44. Kf2 Nf3 45. Ne3 Ke6 46. Kg3 b5 47. h3 gxh3 48.
Kxh3 Ng1+ 49. Kh4 Nf3+ 50. Kg3 a5 51. a4 bxa4 52. bxa4 Nd4 53. Kf2 Nb3 54. Nc4 Nc5 55. Nxa5 Nxa4 56. Nc4 Nc3 57. Ne3 Nd5 58. Ng2 Nf6 59. Ke2 Ng4 60. Nh4 Nf6 61. Ng2 Nd5 62. Nh4 Nxf4+ 0-1

[Event "44th Chess Olympiad Women 2022"]
[Site "Chennai"]
[Date "2022.08.05"]
[Round "7.44"]
[White "Gonzalez Peguero, Mary Loly"]
[Black "De la Riva Real, Jana"]
[Result "1-0"]
[WhiteElo "1666"]
[BlackElo "1167"]
[Annotator "NA RC"]
[PlyCount "113"]
[EventDate "2022.??.??"]
[TimeControl "60"]

1. Nf3 d5 2. g3 Nf6 3. Bg2 c6 4. d3 Bf5 5. O-O e6 6. Nbd2 Bc5 7. Qe1 h6 8. e4 Bh7 9. Qe2 O-O 10. e5 Nfd7 11. Re1 Re8 12. Nb3 Bb6 13.
Nfd4 a6 14. h4 c5 15. Nf3 Bf5 16. Bf4 Bg4 17. Qd2 Bxf3 18. Bxf3 Nc6 19. Re2 f6 20. exf6 Qxf6 21. Bh5 Rf8 22. Bd6 Rfc8 23. Qf4 Qxf4 24. Bxf4 e5 25. Be3 Rf8 26. Bg4 d4 27. Bxd7 dxe3 28. fxe3 Ne7 29. Nd2 Nf5 30. Be6+ Kh8 31. Bxf5 Rxf5 32. Rf2 Raf8 33. Raf1 Rxf2 34. Rxf2 Rxf2 35. Kxf2 Kg8 36. Kf3 Kf7 37. Kg4 Kg6 38. Nc4 Bc7 39. h5+ Kf6 40. Nd2 Bb6 41. Kf3 Ba7 42. Ne4+ Ke6 43. g4 b5 44. c4 b4 45. b3 a5 46. Ng3 Bb8 47. Nf5 Kf6 48. d4 exd4 49. exd4 cxd4 50. Nxd4 Be5 51. Nc6 Bc7 52. c5 Ke6 53. Ke4 Kf6 54. Nd4 Bb8 55.
c6 Kg5 56. Kf3 Kf6 57. Nb5 1-0

[Event "44th Chess Olympiad Women 2022"]
[Site "Chennai"]
[Date "2022.08.05"]
[Round "7.44"]
[White "Henderson de La Fuente, Andrea"]
[Black "Rosario Almanzar, Raydily"]
[Result "1-0"]
[WhiteElo "1962"]
[BlackElo "1882"]
[Annotator "NA"]
[PlyCount "69"]
[EventDate "2022.??.??"]
[TimeControl "60"]

1. e4 c5 2. Nc3 e6 3. Nge2 a6 4. a4 Nc6 5. g3 Nf6 6. Bg2 d6 7. d4 Be7 8. O-O Rb8 9. h3 Qc7 10. dxc5 dxc5 11. Bf4 e5 12. Bg5 Be6 13. Bxf6 Bxf6 14. Nd5 Bxd5 15. exd5 Rd8 16. Nc3 O-O 17. Ne4 Be7 18. c3 c4 19. Qe2 Na5 20. Rad1 f5 21. d6 Bxd6 22. Nxd6 Rxd6 23. Qxe5 Rd7 24. Qe6+ Rdf7 25. Bd5 Kh8 26. Rfe1 Rf6 27. Qe7 Qb8 28. Qc5 b6 29. Qe7 Nc6 30. Bxc6 Rxc6 31. Rd7 Rg6 32. Kh2 f4 33. g4 f3+ 34. Kh1 Rh6 35. Qxg7# 1-0

[Event "44th Chess Olympiad Women 2022"]
[Site "Chennai"]
[Date "2022.08.05"]
[Round "7.45"]
[White "Buhagiar, Melita Sunan"]
[Black "Palacios, Celina"]
[Result "0-1"]
[WhiteElo "1431"]
[BlackElo "1715"]
[Annotator "NA"]
[PlyCount "66"]
[EventDate "2022.??.??"]
[TimeControl "60"]

1. d4 Nf6 2. Bf4 d6 3. Nc3 g6 4. e4 Bg7 5. Qd2 c6 6. f3 b5 7. Bh6 O-O 8. h4 e5 9. Bxg7 Kxg7 10. O-O-O Nbd7 11. Kb1 h5 12. Nce2 a5 13. Nc1 Qb6 14. Nh3 b4 15. Bc4 a4 16. Nf2 Ba6 17. Bxa6 Rxa6 18. g4 Rfa8 19. gxh5 Nxh5 20. dxe5 Nxe5 21. f4 Nf3 22. Qe2 Nd4 23. Qe3 c5 24. Rh3 Rb8 25. f5 Nb5 26. Ne2 b3 27. cxb3 axb3 28.
Qxb3 c4 29. f6+ Nxf6 30. Qc2 Qxf2 31. Ka1 Qc5 32. Nc1 c3 33. bxc3 Na3 0-1

[Event "44th Chess Olympiad Women 2022"]
[Site "Chennai"]
[Date "2022.08.05"]
[Round "7.45"]
[White "Herrera, Marjorie"]
[Black "Burbach, Anya Belle"]
[Result "1/2-1/2"]
[WhiteElo "1760"]
[BlackElo "1375"]
[Annotator "NA RC"]
[PlyCount "92"]
[EventDate "2022.??.??"]
[TimeControl "60"]

1. e4 e5 2. Bc4 Nf6 3. d3 Nc6 4. Nf3 Bc5 5. c3 d5 6. exd5 Nxd5 7. Qb3 Nf6 8. Bxf7+ Ke7 9. Bc4 h6 10. Nh4 Qe8 11. O-O Qh5 12. Nf3 b6 13. Re1 Kd8 14. Bb5 Na5 15. Qd1 Bd6 16. h3 Rf8 17. b4 a6 18.
bxa5 axb5 19. axb6 cxb6 20. Nbd2 Bb7 21. Ne4 Nxe4 22. dxe4 Kc7 23. Be3 Qg6 24. Nd2 Rad8 25. Qb3 Bc6 26. a4 Bc5 27. Bxc5 bxc5 28. Re2 bxa4 29. Qc4 Qg5 30. Qxc5 Qf4 31. Nc4 Qf6 32. Nxe5 Rd6 33. Nxc6 Rxc6 34. Qa7+ Kc8 35. Rb1 Qd6 36. Reb2 Kd8 37. Rb8+ Rc8 38. Qa5+ Ke7 39. R1b7+ Ke6 40. Qh5 Rxb8 41. Qg4+ Ke5 42. Qg3+ Ke6 43. Qg4+ Ke5 44. Qg3+ Ke6 45. Qg4+ Ke5 46. Qg3+ Ke6 1/2-1/2

[Event "44th Chess Olympiad Women 2022"]
[Site "Chennai"]
[Date "2022.08.05"]
[Round "7.45"]
[White "Khantree, Napat"]
[Black "Zavala Galindo, Alejandra Beatriz"]
[Result "0-1"]
[WhiteElo "1362"]
[BlackElo "1748"]
[Annotator "NA RC"]
[PlyCount "74"]
[EventDate "2022.??.??"]
[TimeControl "60"]

1. d4 Nf6 2. c4 c5 3. d5 d6 4. Nc3 g6 5. e4 Bg7 6. Bd3 O-O 7. f3 e6 8. Nge2 Na6 9. Be3 Nc7 10. Qd2 exd5 11. exd5 Re8 12. O-O b5 13. Nxb5 Nxb5 14. cxb5 Nxd5 15. Bh6 Bxh6 16. Qxh6 Ne3 17. Rfe1 Bf5 18. Bxf5 Nxf5 19. Qd2 d5 20. Rac1 Rc8 21. Nc3 d4 22. Ne4 Qb6 23. b3 Kg7 24. Qd3 Nd6 25.
Nxd6 Qxd6 26. Kf2 Qxh2 27. Qd2 Qh4+ 28. Kf1 Qd8 29. Rxe8 Qxe8 30. a4 Qe6 31. Qd3 Re8 32. Kf2 Qf6 33. Qd2 Re5 34. Rh1 h5 35. a5 Re3 36. b6 axb6 37. a6 Qe7 0-1

[Event "44th Chess Olympiad Women 2022"]
[Site "Chennai"]
[Date "2022.08.05"]
[Round "7.45"]
[White "Ortez, Andrea"]
[Black "Chuemsakul, Sarocha"]
[Result "0-1"]
[WhiteElo "1908"]
[BlackElo "1684"]
[Annotator "NA"]
[PlyCount "64"]
[EventDate "2022.??.??"]
[TimeControl "60"]

1. e4 e5 2. Nf3 Nc6 3. Bb5 a6 4. Ba4 d6 5. c3 Bd7 6. d4 Nf6 7. Qe2 g6 8. Bg5 h6 9. Bh4 g5 10. Bg3 Bg7 11. h3 O-O 12. d5 Ne7 13.
Bc2 Nh7 14. Nfd2 f5 15. f3 Nf6 16. c4 Nh5 17. Bh2 Nf4 18.
Bxf4 exf4 19. Nc3 fxe4 20. Bxe4 Nf5 21. Bxf5 Bxf5 22. O-O Qf6 23. Kh2 Rae8 24. Qf2 Qg6 25. Rfe1 h5 26. Rxe8 Rxe8 27. Re1 Rxe1 28. Qxe1 g4 29. Ne2 Be5 30. hxg4 hxg4 31. Qh4 Bf6 32. Nxf4 Bxh4 0-1

[Event "44th Chess Olympiad Women 2022"]
[Site "Chennai"]
[Date "2022.08.05"]
[Round "7.46"]
[White "Meddeb, Chadha"]
[Black "Silva Rosas, Natalia"]
[Result "0-1"]
[WhiteElo "1561"]
[BlackElo "1780"]
[Annotator "NA RC"]
[PlyCount "24"]
[EventDate "2022.??.??"]
[TimeControl "60"]

1. e4 c5 2. Nf3 e6 3. d4 cxd4 4. Nxd4 a6 5. Bd3 Bc5 6. Nb3 Ba7 7. O-O Nc6 8. Qg4 Nf6 9. Qxg7 Rg8 10. Qh6 Rg6 11. Qd2 Ne5 12. Nc3 Nf3+ 0-1

[Event "44th Chess Olympiad Women 2022"]
[Site "Chennai"]
[Date "2022.08.05"]
[Round "7.46"]
[White "Mefteh, Meyssem"]
[Black "Silvera, Pilar"]
[Result "1/2-1/2"]
[WhiteElo "1254"]
[BlackElo "1436"]
[Annotator "NA RC"]
[PlyCount "112"]
[EventDate "2022.??.??"]
[TimeControl "60"]

1. e4 c5 2. Nf3 d6 3. d4 cxd4 4. Nxd4 Nf6 5. Nc3 g6 6. Be3 Bg7 7. f3 O-O 8. Qd2 Nc6 9. O-O-O d5 10. Qe1 e6 11. Qh4 Nxd4 12. Bxd4 dxe4 13. Be5 Bd7 14. Nxe4 Nd5 15. Ng5 h6 16. Bxg7 Kxg7 17. Qd4+ Qf6 18. Qxf6+ Nxf6 19. Ne4 Nxe4 20. Rxd7 Nc5 21. Rc7 Rac8 22. Rxc8 Rxc8 23. Be2 Rd8 24. Rd1 Rxd1+ 25. Kxd1 Kf6 26. Kd2 Ke5 27. g3 g5 28. Kc3 Kd5 29. b4 Nd7 30. Bc4+ Ke5 31. Kd3 Nb6 32. a3 Nd5 33. Bb3 f5 34. c4 Nf6 35. Ba2 h5 36. h3 h4 37. g4 fxg4 38.
fxg4 Nxg4 39. Ke2 Nf6 40. Kf3 Kd4 41. c5 e5 42. Be6 e4+ 43.
Ke2 Ne8 44. Bc8 b6 45. cxb6 axb6 46. a4 Nd6 47. Bd7 Kc4 48. a5 bxa5 49. bxa5 Kc5 50. Ke3 Nc4+ 51. Kxe4 Nxa5 52. Bg4 Nc6 53. Kf5 Nb4 54. Kxg5 Nd3 55. Kxh4 Nf2 56. Kg3 Nxh3 1/2-1/2

[Event "44th Chess Olympiad Women 2022"]
[Site "Chennai"]
[Date "2022.08.05"]
[Round "7.46"]
[White "Quevedo, Andreina"]
[Black "Ben Said, Safa"]
[Result "1-0"]
[WhiteElo "1841"]
[BlackElo "1564"]
[Annotator "NA"]
[PlyCount "77"]
[EventDate "2022.??.??"]
[TimeControl "60"]

1. e4 e6 2. d4 d5 3. Nd2 Nf6 4. e5 Nfd7 5. Bd3 c5 6. c3 Nc6 7. Ne2 cxd4 8. cxd4 f6 9. exf6 Nxf6 10. Nf3 Bd6 11. O-O Qc7 12. Nc3 a6 13. Re1 O-O 14. h3 e5 15. dxe5 Nxe5 16. Nxe5 Bxe5 17. Qb3 Kh8 18. Nxd5 Bh2+ 19. Kh1 Nxd5 20. Qxd5 Bxh3 21. gxh3 Rxf2 22. Qe4 Qc6 23. Qxc6 bxc6 24. Bxa6 Bc7 25. Bf1 Raf8 26.
Bg2 Bg3 27. Be3 Rxb2 28. Rf1 Rc8 29. a4 Be5 30. Rac1 g6 31.
Rc5 Bg7 32. Rxc6 Re8 33. Bf4 Ra2 34. Rc4 h6 35. Bf3 g5 36.
Bg3 Re3 37. Rc8+ Kh7 38. Bd5 Rxg3 39. Be4# 1-0

[Event "44th Chess Olympiad Women 2022"]
[Site "Chennai"]
[Date "2022.08.05"]
[Round "7.46"]
[White "Roepke, Sofia"]
[Black "Hwass Zeineb"]
[Result "1-0"]
[WhiteElo "1869"]
[BlackElo "1386"]
[Annotator "NA RC"]
[PlyCount "125"]
[EventDate "2022.??.??"]
[TimeControl "60"]

1. e4 c5 2. Nf3 d6 3. Bb5+ Bd7 4. Bxd7+ Qxd7 5. O-O Nc6 6. Qe2 Nf6 7. Rd1 Qc7 8. d4 cxd4 9. Nxd4 e6 10. Nb5 Qd7 11. e5 Nxe5 12. Bf4 Qc6 13.
Bxe5 dxe5 14. Qxe5 Nd7 15. Nc7+ Ke7 16. Qc3 Qxc3 17. Nxc3 Rc8 18. N7b5 a6 19. Nd6 Rc7 20. Rd2 g6 21. Rad1 Nb6 22. Rd3 Bg7 23. Nce4 Nc8 24. Nxc8+ Rhxc8 25. c3 Be5 26. g3 b5 27. f4 Bg7 28. Nd6 Rd8 29. Nf5+ gxf5 30. Rxd8 Ra7 31. Rg8 Bf8 32. h3 Ra8 33. g4 fxg4 34. Rxg4 Kf6 35. Kg2 Bc5 36. Kf3 Rb8 37. Rh4 Rh8 38. Rd7 Kg7 39. Rh5 Rc8 40. Rb7 h6 41. Re5 Kf6 42. Rd7 Be7 43.
Ra7 Rc6 44. Re4 Bf8 45. Rd7 Be7 46. Red4 Bc5 47. Rd1 Be7 48. Rb7 Bd6 49. Rd4 h5 50. a4 bxa4 51. Rxa4 Bc7 52. Rd4 Ke7 53. Ra7 a5 54. Ra8 Bb6 55. Rd2 Bc7 56. Rd1 Bb6 57. Rb8 Bc7 58. Rb5 f5 59. Rb7 Ke8 60. Rg1 Rc4 61. Rg7 Rxf4+ 62. Ke3 Re4+ 63. Kd3 1-0

[Event "44th Chess Olympiad Women 2022"]
[Site "Chennai"]
[Date "2022.08.05"]
[Round "7.47"]
[White "Berezovsky, Fiorina"]
[Black "Thetsane Nteboheleng"]
[Result "1-0"]
[WhiteElo "1544"]
[BlackElo "1259"]
[Annotator "NA RC"]
[PlyCount "85"]
[EventDate "2022.??.??"]
[TimeControl "60"]

1. d4 Nf6 2. c4 g6 3. Nc3 Bg7 4. Nf3 O-O 5. e4 d6 6. Bd3 Nc6 7. d5 Nb8 8. O-O Nbd7 9. h3 Re8 10. Be3 Nb6 11. Qe2 Nh5 12. Rac1 Bh8 13.
Bd4 Ng7 14. Rfe1 c6 15. g4 c5 16. Bxg7 Bxg7 17. e5 Bd7 18.
e6 fxe6 19. dxe6 Bc8 20. Ng5 Rf8 21. Qe4 Bh6 22. Nxh7 Qe8 23.
Nxf8 Bxc1 24. Qxg6+ Qxg6 25. Nxg6 Bxb2 26. Nxe7+ Kf8 27. Nxc8 Nxc8 28. Nd5 Be5 29. e7+ Nxe7 30. Nxe7 Kxe7 31. f4 Kf6 32. fxe5+ dxe5 33. h4 Rd8 34. g5+ Kg7 35. Re3 Rd4 36. g6 Rxh4 37. Rxe5 Rd4 38. Rd5 Rg4+ 39. Kf2 b6 40. Rd7+ Kh6 41. Rxa7 Rd4 42. Rh7+ Kg5 43. g7 1-0

[Event "44th Chess Olympiad Women 2022"]
[Site "Chennai"]
[Date "2022.08.05"]
[Round "7.47"]
[White "Jose de Ribbegren, Kenia"]
[Black "Ntsielo, Bonolo"]
[Result "1-0"]
[WhiteElo "1787"]
[BlackElo "1413"]
[Annotator "NA"]
[PlyCount "62"]
[EventDate "2022.??.??"]
[TimeControl "60"]

1. d4 Nf6 2. Bf4 g6 3. Nc3 Bg7 4. e4 d6 5. Qd2 a6 6. f3 Nc6 7. O-O-O Nd7 8. Be3 b5 9. a3 e6 10. h4 Bb7 11. Nh3 Ne7 12. Bh6 Bf6 13.
g3 Ng8 14. Be3 Qe7 15. Bg2 Nb6 16. Bf1 Nd7 17. Na2 d5 18. e5 Bg7 19. Bg5 Qf8 20. Qa5 Nb6 21. Bxb5+ axb5 22. Qxb5+ Nd7 23. Qxb7 Rb8 24. Qxc7 Bh6 25. Nb4 Bxg5+ 26. Nxg5 Ne7 27. Na6 Rc8 28. Qa5 Nc6 29. Qb5 Qe7 30. f4 Qd8 31. h5 Ra8 1-0

[Event "44th Chess Olympiad Women 2022"]
[Site "Chennai"]
[Date "2022.08.05"]
[Round "7.47"]
[White "Leboela, Maboloko"]
[Black "Dubois, Martine"]
[Result "0-1"]
[WhiteElo "1253"]
[BlackElo "1782"]
[Annotator "NA"]
[PlyCount "106"]
[EventDate "2022.??.??"]
[TimeControl "60"]

1. d4 d5 2. c4 dxc4 3. Qa4+ Qd7 4. Qxc4 Qc6 5. Qxc6+ Nxc6 6.
Nf3 Bf5 7. a3 Nf6 8. Bg5 Ne4 9. Bf4 O-O-O 10. e3 e6 11. Bb5 Ne7 12. O-O Nd5 13. Ne5 Nd6 14. Ba4 f6 15. Nf3 g5 16. Bxd6 Bxd6 17. Nbd2 Bd3 18. Rfc1 Kb8 19. e4 Nf4 20. Bd1 Be7 21. Rc3 g4 22. Ne1 Be2 23. g3 Nh3+ 24. Kg2 Bxd1 25. Rxd1 Rxd4 26. Rd3 Rxd3 27. Nxd3 Rd8 28. Nf1 Ng5 29. Ne3 Nxe4 30. Nf4 Rxd1 31. Nxd1 Ng5 32. Ne3 f5 33. h4 gxh3+ 34. Nxh3 Kc8 35. Nf4 Kd7 36. Nc4 Bf6 37. b4 b5 38. Ne3 Kd6 39. Nd3 Bd4 40. Nc2 Bb6 41. f4 Ne4 42. Ne5 Nf6 43.
Nf7+ Kd5 44. Nd8 c5 45. Nb7 c4 46. Kf3 h5 47. Na5 Bxa5 48.
bxa5 c3 49. Ke3 Kc4 50. a6 Nd5+ 51. Ke2 Kb3 52. Nd4+ Kb2 53.
Kd3 Nc7 0-1

[Event "44th Chess Olympiad Women 2022"]
[Site "Chennai"]
[Date "2022.08.05"]
[Round "7.47"]
[White "Reitumetse Taioe"]
[Black "Lebel-Arias, Julia"]
[Result "0-1"]
[WhiteElo "1180"]
[BlackElo "1660"]
[Annotator "NA RC"]
[PlyCount "88"]
[EventDate "2022.??.??"]
[TimeControl "60"]

1. e4 g6 2. d4 Bg7 3. Nf3 d6 4. c4 c6 5. Nc3 Nh6 6. Be2 f6 7. O-O Nf7 8. b3 O-O 9. Bb2 Nd7 10. Qc2 a5 11. a3 e5 12. d5 c5 13. h3 Nb6 14. Nh2 f5 15. f4 exf4 16. Rxf4 Be5 17. Rf3 Ng5 18. Rff1 fxe4 19. Rxf8+ Qxf8 20. Rf1 Qg7 21. Ng4 Bxg4 22. Bxg4 Rf8 23. h4 Rxf1+ 24. Kxf1 Qf6+ 25. Qf2 Qxf2+ 26. Kxf2 Bd4+ 27. Ke2 Nf7 28. Be6 Kf8 29. Nd1 Ne5 30.
Bc1 a4 31. bxa4 Nexc4 32. Nf2 Bxf2 33. Kxf2 Nxa4 34. Bc8 b6 35. Bh6+ Ke8 36. Ba6 Nab2 37. Bg7 Nd3+ 38. Ke2 Nf4+ 39. Kf2 e3+ 40. Kf3 e2 41. Bc3 Nxd5 42. Kxe2 Nxc3+ 43. Kd3 Nxa3 44. Kxc3 b5 0-1

[Event "44th Chess Olympiad Women 2022"]
[Site "Chennai"]
[Date "2022.08.05"]
[Round "7.48"]
[White "Al Maamari, Wafia Darwish"]
[Black "Sitoe, Cheila Andre"]
[Result "1-0"]
[WhiteElo "1841"]
[BlackElo "1574"]
[Annotator "NA"]
[PlyCount "145"]
[EventDate "2022.??.??"]
[TimeControl "60"]

1. e4 c5 2. Nf3 d6 3. d4 cxd4 4. Nxd4 Nf6 5. Nc3 a6 6. f4 e6 7. Qf3 Qc7 8. g4 e5 9. Nf5 g6 10. Ne3 exf4 11. Ned5 Nxd5 12. Nxd5 Qd8 13. Bxf4 Bg7 14. O-O-O O-O 15. h4 Nc6 16. g5 Be6 17. Bxd6 Qa5 18. Bxf8 Rxf8 19. a3 Ne5 20. Qc3 Qa4 21. Qb4 Qxb4 22. Nxb4 Bg4 23. Re1 Nf3 24. Re3 Nd4 25. c3 Nb3+ 26. Kc2 Na5 27. b3 Rd8 28. Bh3 Bh5 29. Rf1 Be5 30. a4 b5 31. axb5 axb5 32. Nd5 Nc6 33.
Ra1 b4 34. Rd3 Rb8 35. Bd7 Nd8 36. Nxb4 Rxb4 37. Ra5 Rxe4 38. Ra8 Bc7 39. Rc8 Bb6 40. Rd6 Re2+ 41. Kb1 Bf2 42. Rxd8+ Kg7 43. Re8 Bxh4 44. Rxe2 Bxe2 45. Rd5 Bf3 46. Re5 h6 47. gxh6+ Kxh6 48. Re3 Bb7 49. c4 f5 50. c5 f4 51. Rh3 Be4+ 52. Kc1 Kg5 53. c6 Bf2 54. c7 Bb7 55.
c8=Q Bxc8 56. Bxc8 Be3+ 57. Kd1 Kf6 58. Ke2 Ke5 59. Rxe3+ fxe3 60. Kxe3 g5 61. Kf3 Kd4 62. Kg4 Kc3 63. Be6 Kb4 64. Kxg5 Kb5 65.
Kf4 Kb6 66. Ke4 Ka7 67. Kd5 Kb8 68. Kc6 Ka7 69. b4 Kb8 70.
b5 Ka7 71. b6+ Kb8 72. b7 Ka7 73. Kc7 1-0

[Event "44th Chess Olympiad Women 2022"]
[Site "Chennai"]
[Date "2022.08.05"]
[Round "7.48"]
[White "Andre, Chineva Rufino"]
[Black "Almaini, Aishah Sarhan"]
[Result "0-1"]
[WhiteElo "1171"]
[BlackElo "1615"]
[Annotator "NA"]
[PlyCount "116"]
[EventDate "2022.??.??"]
[TimeControl "60"]

1. e4 g6 2. Nf3 Bg7 3. Bc4 d6 4. d3 a6 5. c3 e6 6. Be3 b5 7. Bb3 Bb7 8. Nbd2 Ne7 9. O-O O-O 10. Re1 Nd7 11. d4 c5 12. Bc2 Qc7 13.
Rc1 h6 14. Nf1 f5 15. exf5 Nxf5 16. dxc5 dxc5 17. N1d2 Rad8 18.
Qe2 Nf6 19. Bxf5 exf5 20. Nb3 Ng4 21. h3 Bxf3 22. Qxf3 Ne5 23. Qg3 c4 24. Nd4 Qf7 25. Rcd1 f4 26. Bxf4 Qxf4 27. Qxf4 Rxf4 28. Ne6 Rxd1 29. Rxd1 Rf6 30. Nc7 Nd3 31. Rd2 h5 32. Re2 Kf7 33. g3 Rc6 34. Nd5 Re6 35. Rd2 Re1+ 36. Kg2 Rb1 37. b3 Rc1 38. bxc4 bxc4 39. Nb6 Ne1+ 40. Kf1 Nf3+ 41. Ke2 Nxd2 42. Kxd2 Rxc3 43. h4 Ra3 44. Nxc4 Rxa2+ 45. Ke3 a5 46. Nd6+ Ke6 47. Ne4 a4 48. Nc5+ Kd5 49. Nd3 Ra3 50. Kd2 Rxd3+ 51. Kxd3 a3 52. Kc2 a2 53. Kd3 a1=Q 54. f4 Bd4 55. Ke2 Ke4 56. f5 Qb2+ 57. Kd1 Kd3 58.
fxg6 Qd2# 0-1

[Event "44th Chess Olympiad Women 2022"]
[Site "Chennai"]
[Date "2022.08.05"]
[Round "7.48"]
[White "Castro, Neusa Aridas De"]
[Black "Al Mansouri, Moza"]
[Result "0-1"]
[WhiteElo "1531"]
[BlackElo "1606"]
[Annotator "NA"]
[PlyCount "126"]
[EventDate "2022.??.??"]
[TimeControl "60"]

1. e4 c5 2. Nf3 d6 3. Bc4 Nf6 4. d3 Nc6 5. c3 g6 6. O-O Bg7 7. Bg5 O-O 8. Bb3 h6 9. Bh4 b5 10. Nbd2 a5 11. d4 cxd4 12. Nxd4 Nxd4 13. cxd4 Qb6 14. e5 dxe5 15. dxe5 Ng4 16. Bxe7 Re8 17. Qf3 Be6 18. Bf6 Nxe5 19. Bxe5 Bxe5 20. Bxe6 Qxe6 21. Rfe1 Bxh2+ 22. Kh1 Qd7 23.
Ne4 Be5 24. Nc5 Qd4 25. Nd3 Qh4+ 26. Qh3 Qxh3+ 27. gxh3 Bg7 28. Kg2 Red8 29. Rad1 b4 30. b3 Bc3 31. Rf1 Rd5 32. Nf4 Rg5+ 33. Kf3 Rf5 34. Rd5 Be5 35. Ke4 Re8 36. Nxg6 fxg6 37. Rdd1 Bc3+ 38. Kd3 Rf3+ 39. Kc4 Re2 40. Rd8+ Kf7 41. Rfd1 Rfxf2 42. R8d7+ Re7 43. R7d5 Rxa2 44. Rf1+ Kg7 45. Rd8 Rc2 46. Rd3 Bf6+ 47. Kb5 Re5+ 48. Ka6 Rc6+ 49. Kb7 Rce6 50. Rfd1 Re3 51. Rd7+ Re7 52. Rxe7+ Bxe7 53. Ka6 Rxb3 54. Kxa5 Rxh3 55. Ka4 g5 56. Re1 Kf7 57. Rf1+ Kg6 58. Re1 Bf6 59. Rf1 b3 60. Ka3 b2+ 61. Ka2 g4 62. Kb1 Ra3 63. Kc2 Ra1 0-1

[Event "44th Chess Olympiad Women 2022"]
[Site "Chennai"]
[Date "2022.08.05"]
[Round "7.48"]
[White "Rouda Essa, Alserkal"]
[Black "Naira Sinoia"]
[Result "1-0"]
[WhiteElo "1874"]
[BlackElo "1116"]
[Annotator "NA"]
[PlyCount "71"]
[EventDate "2022.??.??"]
[TimeControl "60"]

1. e4 e5 2. Nf3 Nc6 3. Bb5 d6 4. c3 Bd7 5. O-O Nf6 6. Re1 Be7 7. d4 exd4 8. cxd4 O-O 9. h3 h6 10. Nc3 Nh7 11. Nd5 Bf6 12. Ba4 Re8 13.
Bc2 a6 14. Qd3 Nf8 15. Bf4 Be6 16. Nxf6+ Qxf6 17. Bd2 Bd7 18. Bc3 Qd8 19. Nh2 Ne7 20. d5 Neg6 21. Qd4 f6 22. Qe3 c6 23. dxc6 Bxc6 24. Qg3 Qc7 25. Rad1 Rad8 26. f4 Kh7 27. h4 h5 28. Qf3 Kh6 29. f5 Nxh4 30. Qf4+ g5 31. fxg6+ Kxg6 32. Qxf6+ Kh7 33. Qh8+ Kg6 34. e5+ Nf5 35. Bxf5+ Kxf5 36. Qf6# 1-0

[Event "44th Chess Olympiad Women 2022"]
[Site "Chennai"]
[Date "2022.08.05"]
[Round "7.49"]
[White "Banda Natalie Katlo"]
[Black "Razafindratina, Mariam Clarisse"]
[Result "1-0"]
[WhiteElo "1688"]
[BlackElo "1318"]
[Annotator "NA RC"]
[PlyCount "79"]
[EventDate "2022.??.??"]
[TimeControl "60"]

1. d4 d5 2. Nf3 Nf6 3. e3 e6 4. Nbd2 b6 5. Bb5+ Nbd7 6. Bc6 Rb8 7. Ne5 Bd6 8. Ndf3 h6 9. c3 Bb7 10. Qa4 a5 11. Bxb7 Rxb7 12. Nxd7 Nxd7 13. Bd2 O-O 14. Qc2 c5 15. O-O Re8 16. e4 Be7 17. exd5 exd5 18. Rfe1 Nf6 19. Bf4 c4 20. Re2 Ne4 21. Nd2 Bg5 22. Bxg5 hxg5 23. Nxc4 Rbe7 24. Ne5 Qd6 25. f3 Nf6 26. Rae1 Nh7 27. Ng4 Re6 28.
Rxe6 Rxe6 29. Rxe6 Qxe6 30. Kf2 f5 31. Ne5 Nf6 32. Qe2 Kh7 33.
Nd3 Qc6 34. Qe3 f4 35. Qe5 Kh6 36. Qf5 Qa4 37. Ne5 Ne4+ 38. Ke1 Qe8 39. Nf7+ Kh5 40. Qe5 1-0

[Event "44th Chess Olympiad Women 2022"]
[Site "Chennai"]
[Date "2022.08.05"]
[Round "7.49"]
[White "Besa, Masaiti"]
[Black "Raharimanana, Faratiana"]
[Result "1/2-1/2"]
[WhiteElo "1745"]
[BlackElo "1707"]
[Annotator "NA"]
[PlyCount "165"]
[EventDate "2022.??.??"]
[TimeControl "60"]

1. c4 e5 2. g3 Nf6 3. Bg2 c6 4. Nc3 Bb4 5. d4 Bxc3+ 6. bxc3 Qe7 7. Qc2 d6 8. e3 e4 9. a4 O-O 10. Ne2 Bg4 11. O-O Bf3 12. Ba3 Bxg2 13.
Kxg2 Re8 14. c5 d5 15. c4 Nbd7 16. Rfb1 Rab8 17. Rb3 dxc4 18. Qxc4 Nd5 19. Rab1 N7f6 20. Nc3 Qd7 21. Qe2 Nxc3 22. Rxc3 Nd5 23. Rcb3 Re7 24. a5 a6 25. Bc1 g6 26. R1b2 h5 27. h3 Kg7 28. Bd2 Qc8 29. Be1 Qf5 30.
Rb1 Qc8 31. R1b2 Kh6 32. Bd2 f5 33. Rb1 g5 34. f3 Qe6 35.
fxe4 fxe4 36. Rf1 Rf7 37. Rbb1 Rbf8 38. Rxf7 Rxf7 39. Rf1 Kg6 40. Rxf7 Qxf7 41. Qf1 Qxf1+ 42. Kxf1 g4 43. hxg4 hxg4 44. Ke2 Kf5 45. Be1 Nc7 46. Kd2 Nb5 47. Kc2 Ke6 48. Kb3 Kd5 49. Bc3 Na7 50. Be1 Nc8 51. Bd2 Ne7 52. Be1 Nf5 53. Bf2 Nh6 54. Kc3 Nf7 55. Kb3 Ng5 56. Kb4 Nh3 57. Be1 Ng1 58. Kc3 Nf3 59. Bf2 Ng5 60. Kb3 Ne6 61. Kc3 Ng7 62. Be1 Ne8 63. Kb3 Nc7 64. Kb4 Nb5 65. Bc3 Nc7 66. Be1 Ne6 67. Kc3 Ng5 68. Kb4 Nh3 69. Kb3 Ng1 70. Kc3 Nf3 71. Bf2 Nh2 72. Kb3 Nf1 73. Kc3 Nh2 74. Kb3 Nf3 75. Kc3 Ng5 76. Kb3 Ne6 77. Kb4 Nc7 78. Be1 Ne8 79. Kb3 Ng7 80. Kc3 Ne6 81. Bf2 Ng5 82. Kb3 Nf3 83. Kc3 1/2-1/2

[Event "44th Chess Olympiad Women 2022"]
[Site "Chennai"]
[Date "2022.08.05"]
[Round "7.49"]
[White "Rakotoniaina Tiana Johanna"]
[Black "Otisitswe Ruth"]
[Result "0-1"]
[WhiteElo "1529"]
[BlackElo "1552"]
[Annotator "NA RC"]
[PlyCount "120"]
[EventDate "2022.??.??"]
[TimeControl "60"]

1. e4 e5 2. Nf3 d6 3. h3 Nd7 4. d4 c6 5. Nc3 Be7 6. dxe5 dxe5 7. Bc4 Ngf6 8.
Bg5 O-O 9. O-O h6 10. Be3 Qc7 11. a4 Re8 12. Qe2 Bb4 13. Na2 Bd6 14. Nh4 Nc5 15. Bxc5 Bxc5 16. b4 Bf8 17. b5 cxb5 18. axb5 Be6 19. Bxe6 Rxe6 20. Nf5 Rc8 21. c3 Qc4 22. Rfe1 Rb6 23. Rab1 Qxe2 24. Rxe2 a6 25. f3 Rxb5 26. Rxb5 axb5 27. Rb2 g6 28. Ng3 Ra8 29. Ne2 Nd7 30. Kh2 Ra4 31. Nec1 Ra5 32. Nd3 g5 33. Kg3 Nb6 34. Nab4 Nc4 35. Ra2 Bxb4 36. Nxb4 Ra4 37. h4 Kg7 38. hxg5 hxg5 39. Kf2 Kg6 40. g4 Kf6 41. Ke2 Ke6 42. Rc2 Na3 43. Rd2 Nb1 44. Rb2 Nxc3+ 45. Kd2 Ra3 46. Nc2 Na4 47. Nxa3 Nxb2 48. Nxb5 Kd7 49. Nc3 Kc6 50. Nd5 b5 51. Nf6 Nc4+ 52. Kc1 Kc5 53. Nh7 Kd4 54. Kc2 Ke3 55. Nxg5 Nd6 56. Kb3 Kf4 57. Kb4 Kxg5 58. Kc5 Nxe4+ 59. fxe4 Kxg4 60. Kd5 Kf4 0-1

[Event "44th Chess Olympiad Women 2022"]
[Site "Chennai"]
[Date "2022.08.05"]
[Round "7.49"]
[White "Razafindrabiaza, Christine"]
[Black "Marape, Naledi"]
[Result "0-1"]
[WhiteElo "1635"]
[BlackElo "1714"]
[Annotator "NA RC"]
[PlyCount "68"]
[EventDate "2022.??.??"]
[TimeControl "60"]

1. e4 c5 2. Nf3 d6 3. d4 cxd4 4. Nxd4 Nf6 5. Bd3 e5 6. Nf3 a6 7. O-O Be7 8. Nc3 Be6 9. Ng5 O-O 10. Nxe6 fxe6 11. Rb1 b5 12. a3 Nbd7 13. Be3 Rc8 14. f4 exf4 15. Rxf4 Ne5 16. Ne2 Nc4 17. Bxc4 Rxc4 18. Ng3 Qc7 19. c3 d5 20. Qd3 Bd6 21. Rxf6 Rxf6 22. exd5 Bxg3 23. hxg3 exd5 24. Qxd5+ Qf7 25. Qa8+ Qf8 26.
Qb7 Qd6 27. Re1 Qxg3 28. Re2 Qc7 29. Qd5+ Qf7 30. Qd8+ Qf8 31. Qd5+ Kh8 32. Bd4 Rf1+ 33. Kh2 Qf4+ 34. g3 Qh6+ 0-1